 Dungeon Crawl Stone Soup version 0.22.0-16-gc6d26f6 (console) character file.

189657 removed the Basher (level 17, 0/229 HPs)
             Began as a Deep Elf Hunter on Aug 17, 2018.
             Was the Champion of Dithmenos.
             Slain by a battleaxe of chopping (2 damage)
             ... on level 2 of the Elven Halls.
             The game lasted 02:53:50 (50820 turns).

removed the Basher (Deep Elf Hunter)               Turns: 50820, Time: 02:53:51

Health: 0/229      AC: 28    Str: 14    XL:     17   Next: 95%
Magic:  35/42      EV:  2    Int: 30    God:    Dithmenos [******]
Gold:   346        SH:  9    Dex: 19    Spells: 19/36 levels left

rFire    + . .     SeeInvis .   a - +10 morningstar {elec, Halo rElec}
rCold    . . .     Gourm    .   E - +3 buckler of Jujog {rPois Int+3}
rNeg     + + +     Faith    .   (armour currently unavailable)
rPois    +         Spirit   .   (helmet currently unavailable)
rElec    +         Reflect  .   (cloak currently unavailable)
rCorr    .         Harm     .   (gloves currently unavailable)
MR       ++...     NoTele   +   (boots currently unavailable)
Stlth    ..........             e - amulet of Eqeer {+Rage rF+ MR+ Dex+4}
HPRegen  1.48/turn              n - ring "Nigitaf" {rN+ Int+3}
MPRegen  0.28/turn              j - ring of magical power

@: berserking, tree-form, regenerating, very quick
A: no striking features
a: Shadow Step, Shadow Form, Renounce Religion, Evoke Berserk Rage


You were on level 2 of the Elven Halls.
You worshipped Dithmenos.
Dithmenos was exalted by your worship.
You were very hungry.
You were a tree.
You visited 5 branches of the dungeon, and saw 29 of its levels.
You also visited: Ice Cave.

You collected 3690 gold pieces.
You spent 3344 gold pieces at shops.

Inventory:

Hand Weapons
 a - the +10 morningstar "Eos" (weapon) {elec, Halo rElec}
   (You bought it in a shop on level 2 of the Orcish Mines)

   Occasionally, upon striking a foe, it will discharge some electrical energy
   and cause terrible harm.
   It insulates you from electricity.
Missiles
 d - 766 arrows
 I - 2 throwing nets (quivered)
 W - 2 curare-tipped needles
Armour
 c - a +1 pair of boots (melded)
 o - a +1 pair of gloves (melded)
 t - a +1 helmet (melded)
 E - the +3 buckler of Jujog (worn) {rPois Int+3}
   (You took it off Nikola on level 3 of the Snake Pit)

   It affects your intelligence (+3).
   It protects you from poison.
 F - a scarf of cloud immunity
 Q - quicksilver dragon scales (melded)
 T - the +5 ring mail of Weightlessness {rF+ rC+ MP-9 Int+4}
   (You took it off an orc on level 6 of the Dungeon)

   It affects your intelligence (+4).
   It protects you from fire.
   It protects you from cold.
   It affects your magic capacity (-9).
 X - a +0 cloak (melded)
Magical Staves
 Z - an uncursed staff of cold
Jewellery
 b - an uncursed ring of ice
 e - the amulet of Eqeer (around neck) {+Rage rF+ MR+ Dex+4}
   (You took it off a naga on level 1 of the Snake Pit)

   [amulet of rage]

   It affects your dexterity (+4).
   It protects you from fire.
   It affects your resistance to hostile enchantments.
   It lets you go berserk.
 h - an uncursed ring of flight
 i - an uncursed ring of see invisible
 j - a ring of magical power (right branch)
 n - the ring "Nigitaf" (left branch) {rN+ Int+3}
   (You bought it in a shop on level 2 of the Orcish Mines)

   [ring of positive energy]

   It affects your intelligence (+3).
   It protects you from negative energy.
 q - an uncursed ring of protection from magic {unknown}
 u - a +6 amulet of reflection
 S - an uncursed ring of resist corrosion
Wands
 x - a wand of paralysis (31)
 G - a wand of disintegration (47)
 Y - a wand of iceblast (5)
Scrolls
 l - 3 scrolls of identify
 p - a scroll of brand weapon
 s - 4 scrolls of magic mapping
 v - 6 scrolls of teleportation
 y - 6 scrolls of fog
 B - 2 scrolls of blinking
 C - 5 scrolls of holy word
 D - a scroll of summoning
 J - 8 scrolls of amnesia
 L - 14 scrolls of remove curse
 P - 2 scrolls of enchant armour
 V - 4 scrolls of enchant weapon
Potions
 g - 7 potions of curing
 k - a potion of agility
 m - 6 potions of flight
 w - 8 potions of might
 z - 3 potions of mutation
 H - 2 potions of lignification
 K - 2 potions of brilliance
 M - 2 potions of resistance
 N - a potion of ambrosia
 R - a potion of magic
 U - 2 potions of haste
Miscellaneous
 r - a lightning rod (4/4)
Comestibles
 f - 34 rations
 O - 5 chunks of flesh


   Skills:
 - Level 10.0 Fighting
 - Level 14.0 Maces & Flails
   Level 10.1 Bows
 - Level 5.0 Armour
 - Level 12.3 Dodging
 - Level 1.2 Stealth
 - Level 5.1 Shields
 - Level 10.1 Spellcasting
 + Level 10.2 Conjurations
 - Level 11.0 Charms
 + Level 9.9 Ice Magic
 + Level 9.8 Air Magic
 - Level 7.2 Poison Magic


You had 19 spell levels left.
You knew the following spells:

 Your Spells              Type           Power        Failure   Level  Hunger
a - Poisonous Vapours     Pois/Air       ######       1%          2    None
e - Regeneration          Chrm/Necr      #####.....   1%          3    None
f - Freezing Cloud        Conj/Ice/Air   ######....   9%          6    #####..
m - Mephitic Cloud        Conj/Pois/Air  ######..     1%          3    None
w - Spectral Weapon       Hex/Chrm       #####...     1%          3    None

Your spell library contained the following spells:

 Spells                   Type           Power        Failure   Level  Hunger
 Apportation              Tloc           ###...       3%          1    None
 Conjure Flame            Conj/Fire      #####...     1%          3    None
 Confuse                  Hex            ###.....     11%         3    None
 Ring of Flames           Chrm/Fire      #####.....   97%         7    ######.
 Venom Bolt               Conj/Pois      ######....   2%          5    ###....
 Olgreb's Toxic Radiance  Pois           ######..     1%          4    None
 Summon Small Mammal      Summ           ###.         3%          1    None
 Animate Skeleton         Necr           N/A          3%          1    None
 Sting                    Conj/Pois      ####         1%          1    None
 Stone Arrow              Conj/Erth      #####.       1%          3    None
 Confusing Touch          Hex            ###...       3%          1    None
 Passwall                 Tmut/Erth      ###.....     5%          2    None
 Metabolic Englaciation   Hex/Ice        #####.....   12%         5    ###....
 Lee's Rapid Deconstruct  Erth           ###.......   67%         5    ###....
 Sandblast                Erth           ###...       3%          1    None
 Petrify                  Tmut/Erth      ###.....     34%         4    None
 Shroud of Golubria       Chrm/Tloc      #####.....   1%          2    None
 Infusion                 Chrm           ####         1%          1    None
 Song of Slaying          Chrm           ######..     1%          2    None
 Gell's Gravitas          Tloc           ###.......   11%         3    None
 Yara's Violent Unravell  Hex/Tmut       ###.......   67%         5    ###....


Dungeon Overview and Level Annotations

Branches:
Dungeon (15/15)            Temple (0/1) D:5            Lair (6/6) D:11
 Shoals (0/4) Lair:4        Snake (4/4) Lair:2        Slime (0/5) Lair:5
    Orc (2/2) D:11            Elf (2/3) Orc:2        Vaults (0/5) D:13
 Depths (0/5) D:15

Altars:
Dithmenos
Fedhas
Gozag
Kikubaaqudgha
Makhleb
Nemelex Xobeh
Okawaru
Qazlal
Ru
Sif Muna
Vehumet
Xom
Yredelemnul
Zin
The Shining One
Beogh
Jiyva

Shops:
D:14 (   Orc:2 *}*(   Elf:1 [   Snake:3 }==!

Annotations:
D:9 2 transporters
Lair:2 exclusion: downstairs
Snake:1 exclusion: Roxanne, Roxanne
Snake:4 Vashnia
Orc:2 exclusion: door


Message History

You miss the battleaxe of chopping.
The battleaxe of chopping is heavily damaged.
Your shadow completely misses the battleaxe of chopping.
You barely miss the battleaxe of chopping.
The battleaxe of chopping is heavily damaged.
The battleaxe of chopping hits you.
* * * LOW HITPOINT WARNING * * *
x2 Unknown command.
A red film seems to cover your vision as you go berserk!
You feel yourself moving faster!
You feel mighty!
You are feeling very hungry.
The battleaxe of chopping hits you!
* * * LOW HITPOINT WARNING * * *
You emit a cloud of dark smoke.
* * * LOW HITPOINT WARNING * * *
You sock the battleaxe of chopping!
The battleaxe of chopping is severely damaged.
The battleaxe of chopping hits you!
* * * LOW HITPOINT WARNING * * *
You die...

# .. #+# . ... #.# .. ....
#§# ##.....[..## ..... #(#
#..........##
......###♣####...........+
......'§(§§..'...........#
.....######.##...........#
.<. #.##...........# .
#.##...........#
#.##...........#
#.###........... #.#
#........... ##.#
#...........


You could see a battleaxe of chopping and a friendly spectral morningstar "Eos"
{elec, Halo rElec}.

Vanquished Creatures
  Saint Roka (Snake:2)
  Nikola (Snake:3)
  Rupert (D:14)
  Frances (Snake:1)
  Kirke (Snake:1)
  A nagaraja (Snake:2)
  A fire giant (D:15)
  A deep elf sorcerer (Elf:1)
  An orc warlord (Orc:2)
  Louise (Snake:3)
  A deep elf demonologist (Elf:1)
  6 dire elephants (Lair:6)
  2 deep elf annihilators (Elf:1)
  A deep elf high priest (Elf:1)
  Josephine (D:14)
  7 hydras
  8 naga warriors
  2 ice dragons (IceCv)
  11 anacondas
  Erica (Lair:2)
  7 centaur warriors
  The ghost of sking99 the Nimble, a journeyman OpTm of Okawaru (D:8)
  12 two-headed ogres
  3 dancing weapons
  6 death yaks
  An ogre mage (D:10)
  3 naga sharpshooters
  Urug (Lair:3)
  4 orc high priests (Orc:2)
  2 tengu warriors (D:14)
  4 shock serpents
  5 deep elf knights (Elf:1)
  A salamander mystic (Snake:2)
  5 naga ritualists
  A skeletal warrior (D:13)
  4 unseen horrors
  8 deep elf archers
  6 orc knights
  A harpy (shapeshifter) (D:14)
  7 mana vipers
  3 wolf spiders
  16 ugly things
  40 deep elf magi
  6 salamanders
  4 cyclopes
  5 orc sorcerers
  4 manticores
  34 black mambas
  2 guardian serpents
  17 elephants
  11 naga magi
  12 centaur skeletons
  17 spiny frogs
  2 ice statues (IceCv)
  A gargoyle (D:14)
  12 komodo dragons
  4 rime drakes
  4 yaktaurs (D:13)
  2 freezing wraiths
  A kobold demonologist (D:14)
  A tengu conjurer (D:15)
  12 trolls
  2 polar bears (Lair:6)
  A harpy zombie (D:15)
  A queen bee (Lair:3)
  3 meliai
  7 slime creatures
  A hornet (D:14)
  10 blink frogs
  2 dream sheep (D:10)
  15 hippogriffs
  4 shadows
  3 wyverns
  7 wraiths
  Grum (D:10)
  2 air elementals (Elf:1)
  2 water elementals (D:14)
  4 hogs (Snake:1)
  10 basilisks
  65 yaks
  4 fire elementals (Elf:1)
  2 hungry ghosts
  A steam dragon (Lair:3)
  A vampire mosquito (D:13)
  2 soldier ants (D:15)
  4 wargs
  27 nagas
  2 acid dragons
  9 water moccasins
  7 porcupines
  2 sky beasts (D:11)
  A two-headed ogre zombie (D:10)
  A black bear (D:7)
  38 orc warriors
  18 ice beasts
  2 phantoms
  14 centaurs
  3 necrophages
  18 wolves
  A boggart (D:13)
  26 ogres
  7 crocodiles
  Blork the orc (D:5)
  6 big kobolds
  An earth elemental (Elf:1)
  13 bullfrogs
  4 scorpions
  4 wyvern skeletons
  31 killer bees
  A wight (D:14)
  4 electric eels (D:14)
  5 howler monkeys
  7 crimson imps
  9 jellies
  2 centaur zombies
  7 hounds
  36 orc priests
  A bullfrog zombie (D:6)
  A quasit (D:6)
  Crazy Yiuf (D:6)
  3 bullfrog skeletons
  Ijyb (D:5)
  4 iguanas
  30 orc wizards
  A hell rat (Lair:3)
  11 worker ants
  2 hound skeletons
  7 gnolls
  2 worker ant zombies
  23 adders
  8 shadow imps
  An ooze (D:3)
  2 adder skeletons
  2 adder zombies
  A worm (D:2)
  3 dart slugs
  6 leopard geckos
  144 orcs
  A ball python (D:2)
  9 bats
  8 giant cockroaches
  10 goblins
  8 hobgoblins
  2 jackals (D:9)
  7 kobolds
  4 quokkas
  4 frilled lizards
  A jackal zombie (D:6)
  A leopard gecko skeleton (D:8)
  3 rats
  3 plants (Lair:6)
1118 creatures vanquished.

Vanquished Creatures (others)
  2 humans (Snake:1)
  A centaur (D:14)
  2 killer bees (Lair:3)
  15 fungi
  15 plants
  16 spectral weapons
51 creatures vanquished.

Grand Total: 1169 creatures vanquished

Notes
Turn   | Place    | Note
-------+----------+-------------------------------------------
     0 | D:1      | removed the Deep Elf Hunter began the quest for the Orb.
     0 | D:1      | Reached XP level 1. HP: 12/12 MP: 3/3
   236 | D:1      | Reached XP level 2. HP: 13/16 MP: 4/4
   309 | D:1      | Reached skill level 5 in Bows
   471 | D:1      | You fall through a shaft!
   805 | D:2      | Found a burning altar of Makhleb.
   849 | D:2      | Reached XP level 3. HP: 20/21 MP: 5/5
  1807 | D:2      | Reached XP level 4. HP: 26/26 MP: 6/6
  3186 | D:3      | Reached XP level 5. HP: 30/30 MP: 7/7
  3556 | D:3      | Found a shadowy altar of Dithmenos.
  4103 | D:4      | Reached XP level 6. HP: 37/37 MP: 8/8
  4107 | D:4      | Reached skill level 5 in Dodging
  4465 | D:3      | Became a worshipper of Dithmenos the Shadowed
  4589 | D:4      | Found an iron altar of Okawaru.
  4950 | D:4      | Reached XP level 7. HP: 37/41 MP: 9/9
  4996 | D:4      | You fall through a shaft for 3 floors!
  5407 | D:5      | Entered Level 5 of the Dungeon
  5407 | D:5      | Noticed Ijyb
  5465 | D:5      | Found a basalt altar of Yredelemnul.
  5488 | D:5      | Noticed Blork the orc
  5680 | D:5      | Killed Blork the orc
  5861 | D:5      | Killed Ijyb
  6182 | D:5      | Found a blossoming altar of Fedhas.
  6356 | D:5      | Reached XP level 8. HP: 48/48 MP: 10/10
  6691 | D:5      | Reached * piety under Dithmenos
  6692 | D:5      | Found a glowing golden altar of the Shining One.
  6719 | D:5      | Found a staircase to the Ecumenical Temple.
  6961 | D:6      | Found a radiant altar of Vehumet.
  7042 | D:6      | Got a brightly glowing mace
  7044 | D:6      | Found a runed door.
  7048 | D:6      | Got a dazzling mace
  7049 | D:6      | Identified the +7 mace of Otzesh {speed, rC+} (You found it on level 6 of the Dungeon)
  7050 | D:6      | Identified the +3 mace of Sequestration {freeze, rF++ MR+ SInv Stlth+} (You found it on level 6 of the Dungeon)
  7248 | D:6      | Found a sparkling altar of Nemelex Xobeh.
  7418 | D:6      | Got a heavily runed ring mail
  7432 | D:6      | Identified the +5 ring mail of Weightlessness {rF+ rC+ MP-9 Int+4} (You took it off an orc on level 6 of the Dungeon)
  7756 | D:6      | Reached skill level 5 in Fighting
  8214 | D:6      | Noticed Crazy Yiuf
  8221 | D:6      | Killed Crazy Yiuf
  8424 | D:7      | Reached ** piety under Dithmenos
  8562 | D:7      | Reached XP level 9. HP: 52/54 MP: 2/11
  8841 | D:7      | Reached skill level 10 in Bows
  9351 | D:8      | Noticed a two-headed ogre
 10077 | D:8      | Learned a level 2 spell: Poisonous Vapours
 10230 | D:8      | Found a runed gate.
 10230 | D:8      | Found a runed gate.
 10230 | D:8      | Found a runed gate.
 10246 | D:8      | Noticed sking99's ghost (journeyman OpTm)
 10250 | D:8      | Found an opulent altar of Gozag.
 10316 | D:8      | Reached skill level 1 in Spellcasting
 10319 | D:8      | Reached skill level 1 in Air Magic
 10319 | D:8      | Reached skill level 1 in Poison Magic
 10784 | D:8      | Reached *** piety under Dithmenos
 10887 | D:8      | Found a roughly hewn altar of Beogh.
 11148 | D:8      | Reached XP level 10. HP: 61/61 MP: 3/18
 11249 | D:9      | Found a sacrificial altar of Ru.
 11249 | D:9      | Found a stormy altar of Qazlal.
 11310 | D:9      | Noticed a green ugly thing
 11312 | D:9      | Found a glowing silver altar of Zin.
 11337 | D:9      | Found a transporter.
 11337 | D:9      | Noticed a centaur warrior
 11432 | D:9      | Found an ancient bone altar of Kikubaaqudgha.
 11950 | D:9      | Found a transporter.
 12002 | D:10     | Entered Level 10 of the Dungeon
 12152 | D:10     | Reached skill level 5 in Spellcasting
 12501 | D:10     | Reached skill level 5 in Poison Magic
 12510 | D:10     | Learned a level 3 spell: Mephitic Cloud
 12835 | D:10     | Reached **** piety under Dithmenos
 12835 | D:10     | Noticed Grum
 12942 | D:10     | Reached skill level 5 in Air Magic
 13391 | D:10     | Noticed a two-headed ogre
 13391 | D:10     | Noticed a two-headed ogre
 13518 | D:10     | Killed a two-headed ogre
 13527 | D:10     | Noticed a two-headed ogre
 13565 | D:10     | Killed a two-headed ogre
 13565 | D:10     | Reached XP level 11. HP: 65/65 MP: 0/25
 13722 | D:10     | Noticed a two-headed ogre
 13751 | D:10     | Killed a two-headed ogre
 13864 | D:10     | Killed a two-headed ogre
 13948 | D:10     | Noticed a two-headed ogre
 13990 | D:10     | Killed a two-headed ogre
 14103 | D:10     | Noticed an ogre mage
 14113 | D:10     | Noticed a two-headed ogre
 14121 | D:10     | Killed an ogre mage
 14121 | D:10     | Reached skill level 5 in Conjurations
 14170 | D:10     | Killed a two-headed ogre
 14425 | D:10     | Killed Grum
 14521 | D:10     | Reached skill level 10 in Spellcasting
 14685 | D:10     | Reached skill level 1 in Maces & Flails
 14925 | D:10     | Noticed a two-headed hydra
 15168 | D:10     | Killed a one-headed hydra
 15168 | D:10     | Reached skill level 2 in Maces & Flails
 15269 | D:11     | Noticed an unseen horror
 15284 | D:11     | Killed an unseen horror
 15284 | D:11     | Reached skill level 3 in Maces & Flails
 15307 | D:11     | Noticed a white ugly thing
 15327 | D:11     | Killed a white ugly thing
 15327 | D:11     | Reached skill level 4 in Maces & Flails
 15564 | D:10     | Reached ***** piety under Dithmenos
 15719 | D:11     | Reached XP level 12. HP: 69/71 MP: 9/28
 15870 | D:11     | Reached skill level 5 in Maces & Flails
 16090 | D:11     | Found a staircase to the Orcish Mines.
 16203 | D:11     | Reached skill level 6 in Maces & Flails
 16291 | D:11     | Found a staircase to the Lair.
 16300 | D:11     | Learned a level 3 spell: Regeneration
 16761 | Lair:1   | Entered Level 1 of the Lair of Beasts
 16983 | Lair:1   | Reached skill level 7 in Maces & Flails
 17334 | D:11     | Reached skill level 8 in Maces & Flails
 17490 | Lair:1   | Reached skill level 1 in Armour
 18717 | Lair:2   | Found a staircase to the Snake Pit.
 18852 | Lair:2   | Reached skill level 9 in Maces & Flails
 18852 | Lair:2   | Reached XP level 13. HP: 75/75 MP: 13/29
 19368 | Lair:2   | Noticed Erica
 19384 | Lair:2   | Killed Erica
 20147 | Lair:2   | Reached skill level 10 in Maces & Flails
 20330 | Lair:3   | Noticed Urug
 21597 | Lair:3   | Killed Urug
 21597 | Lair:3   | Reached skill level 10 in Dodging
 21734 | Lair:2   | Identified a scroll of acquirement
 21735 | Lair:2   | Got a scorched hat
 21746 | Lair:2   | Identified the +0 hat "Cadojimo" {+Inv rCorr} (You acquired it on level 2 of the Lair of Beasts)
 21966 | Lair:3   | Reached ****** piety under Dithmenos
 23006 | Lair:3   | Reached skill level 11 in Maces & Flails
 23641 | Lair:4   | Found a staircase to the Shoals.
 23904 | Lair:4   | Reached skill level 1 in Shields
 24467 | Lair:5   | Reached XP level 14. HP: 82/82 MP: 15/30
 25271 | Lair:5   | Found a viscous altar of Jiyva.
 25271 | Lair:5   | Found a staircase to the Slime Pits.
 25412 | Lair:6   | Entered Level 6 of the Lair of Beasts
 25487 | Lair:6   | Found a frozen archway.
 25496 | IceCv    | Entered an ice cave
 26017 | IceCv    | Reached skill level 5 in Shields
 28137 | Orc:1    | Entered Level 1 of the Orcish Mines
 28296 | Orc:1    | Reached skill level 12 in Maces & Flails
 28449 | Orc:1    | Learned a level 3 spell: Spectral Weapon
 28512 | Orc:2    | Entered Level 2 of the Orcish Mines
 28923 | Orc:2    | Reached skill level 5 in Charms
 29627 | Orc:2    | Found a roughly hewn altar of Beogh.
 30246 | Orc:2    | Found a staircase to the Elven Halls.
 30570 | Orc:2    | Noticed an orc warlord
 30616 | Orc:2    | Killed an orc warlord
 30866 | Orc:2    | Found Rudeh's Assorted Antiques.
 30891 | Orc:2    | Found Jupnise's Gadget Shoppe.
 30900 | Orc:2    | Reached skill level 10 in Charms
 31373 | Orc:2    | Found a roughly hewn altar of Beogh.
 31592 | Orc:2    | Found Emmypium's Antique Weapon Shoppe.
 31720 | Orc:2    | Reached XP level 15. HP: 57/86 MP: 19/31
 31844 | Orc:2    | Found Ylockaxe's Assorted Antiques.
 32058 | Orc:2    | Bought a smoking bone ring for 190 gold pieces
 32063 | Orc:2    | Identified the ring "Nigitaf" {rN+ Int+3} (You bought it in a shop on level 2 of the Orcish Mines)
 32611 | D:12     | You fall through a shaft for 2 floors!
 32923 | D:12     | Found a deep blue altar of Sif Muna.
 33819 | Orc:2    | Bought the +10 morningstar "Eos" {elec, Halo rElec} for 2442 gold pieces
 33819 | Orc:2    | Found the +10 morningstar "Eos" {elec, Halo rElec}
 34433 | D:13     | Found a gate to the Vaults.
 34485 | D:13     | Got a transparent mace
 36544 | Lair:6   | Got a pair of slimy boots
 36555 | Lair:6   | Identified the -5 pair of boots of the Moon {rPois MR- Str+4 Int+3} (You found it on level 6 of the Lair of Beasts)
 36915 | D:8      | Killed sking99's ghost
 37251 | D:14     | Noticed Rupert
 37268 | D:14     | Killed Rupert
 37268 | D:14     | Reached skill level 13 in Maces & Flails
 37269 | D:14     | Found Ofuqu's Antique Weapon Boutique.
 38379 | D:14     | Noticed Josephine
 38562 | D:14     | Killed Josephine
 38701 | D:14     | Reached XP level 16. HP: 88/96 MP: 25/32
 38801 | D:14     | Got an iridescent whip
 39141 | D:15     | Entered Level 15 of the Dungeon
 39154 | D:14     | Reached skill level 14 in Maces & Flails
 39498 | D:15     | Found a staircase to the Depths.
 40296 | Snake:1  | Entered Level 1 of the Snake Pit
 40515 | Snake:1  | Noticed Frances
 40809 | Snake:1  | Killed Frances
 40982 | Snake:1  | Noticed Kirke
 40993 | Snake:1  | Killed Kirke
 40995 | Snake:1  | Got a translucent bone amulet
 40997 | Snake:1  | Identified the amulet of Eqeer {+Rage rF+ MR+ Dex+4} (You took it off a naga on level 1 of the Snake Pit)
 41190 | Snake:1  | Reached skill level 10 in Fighting
 41900 | Snake:1  | Found a shimmering altar of Xom.
 42131 | Snake:1  | Noticed Roxanne
 42780 | Snake:2  | Reached skill level 5 in Armour
 42900 | Snake:2  | Learned a level 6 spell: Freezing Cloud
 42939 | Snake:2  | Reached skill level 1 in Ice Magic
 43452 | Snake:2  | Reached skill level 5 in Ice Magic
 44559 | Snake:3  | Reached XP level 17. HP: 88/102 MP: 27/33
 44707 | Snake:3  | Noticed Saint Roka
 44746 | Snake:2  | Killed Saint Roka
 45851 | Snake:3  | Got a warped scale mail
 46031 | Snake:3  | Noticed Nikola
 46052 | Snake:3  | HP: 3/102 [naga/halberd of flaming (14)]
 46199 | Snake:3  | Found Zuuvuis's Gadget Shoppe.
 46199 | Snake:3  | Found Zets's Jewellery Shop.
 46200 | Snake:3  | Found Icoudy's Jewellery Shop.
 46215 | Snake:3  | Bought an uncursed ring of poison resistance for 400 gold pieces
 46506 | Snake:3  | Identified the +6 scale mail of Tulips {rN++} (You found it on level 3 of the Snake Pit)
 46598 | Snake:3  | Noticed Louise
 46620 | Snake:3  | Killed Louise
 46934 | Snake:3  | Killed Nikola
 46936 | Snake:3  | Got a steaming buckler
 47014 | Snake:2  | Identified the +3 buckler of Jujog {rPois Int+3} (You took it off Nikola on level 3 of the Snake Pit)
 47321 | Snake:3  | Found Poruraid's Distillery.
 47325 | Snake:3  | Bought a potion of heal wounds for 60 gold pieces
 47325 | Snake:3  | Bought a potion of heal wounds for 60 gold pieces
 47325 | Snake:3  | Bought 2 potions of curing for 72 gold pieces
 47325 | Snake:3  | Bought a potion of haste for 120 gold pieces
 47520 | Snake:4  | Entered Level 4 of the Snake Pit
 47639 | Snake:4  | Noticed Vashnia
 48015 | Elf:1    | Entered Level 1 of the Elven Halls
 48723 | Elf:1    | Found Nept's Armour Shoppe.
 49509 | Elf:1    | Got a blackened scale mail
 49520 | Elf:1    | Identified the cursed +0 scale mail "Leat" {rElec Stlth+} (You found it on level 1 of the Elven Halls)
 50359 | Elf:2    | Reached skill level 10 in Conjurations
 50819 | Elf:2    | HP: 10/229 [battleaxe of chopping (13)]
 50820 | Elf:2    | HP: 2/229 [battleaxe of chopping (8)]
 50820 | Elf:2    | Slain by a battleaxe of chopping

Skill      XL: |  1  2  3  4  5  6  7  8  9 10 11 12 13 14 15 16 17 |
---------------+----------------------------------------------------+-----
Bows           | 5 6 7 9 10 | 10.1
Dodging        | 3 4 5 6 9 10 12 | 12.3
Fighting       | 2 3 4 5 6 7 9 10 | 10.0
Spellcasting   | 4 8 10 | 10.1
Air Magic      | 3 6 9 |  9.8
Poison Magic   | 3 6 7 |  7.2
Conjurations   | 5 6 10 | 10.2
Maces & Flails | 4 9 11 12 13 14 | 14.0
Armour         | 3 5 |  5.0
Shields        | 1 5 |  5.1
Charms         | 11 | 11.0
Ice Magic      | 6 9 |  9.9
Stealth        | |  1.2

Action                   |  1- 3 |  4- 6 |  7- 9 | 10-12 | 13-15 | 16-18 || total
-------------------------+-------+-------+-------+-------+-------+-------++-------
Melee: Short sword       |    72 |    53 |     6 |       |       |       ||   131
       Shortbow          |       |       |     3 |       |       |       ||     3
       Mace              |       |       |   118 |   550 |  1574 |       ||  2242
       Falchion          |       |       |       |     4 |       |       ||     4
       Demon whip        |       |       |       |       |    25 |       ||    25
       Scimitar          |       |       |       |       |    13 |       ||    13
       Morningstar       |       |       |       |       |   319 |   919 ||  1238
 Fire: Shortbow          |    72 |   260 |   527 |   324 |    37 |       ||  1220
 Cast: Poisonous Vapours |       |       |    10 |   212 |   607 |   125 ||   954
       Mephitic Cloud    |       |       |       |    13 |    25 |    14 ||    52
       Regeneration      |       |       |       |       |    59 |   115 ||   174
       Spectral Weapon   |       |       |       |       |    14 |    39 ||    53
       Freezing Cloud    |       |       |       |       |       |     4 ||     4
 Abil: Evoke Berserk Rag |       |       |       |       |       |     2 ||     2
Evoke: Wand              |       |       |     5 |     6 |    16 |    15 ||    42
       Lightning rod     |       |       |       |       |    15 |     9 ||    24
       Sack of spiders   |       |       |       |       |       |     2 ||     2
  Use: Scroll            |     4 |     4 |    10 |     8 |    11 |    18 ||    55
       Potion            |       |     2 |     2 |     1 |     1 |    15 ||    21
 Stab: Sleeping          |       |       |     1 |     2 |     4 |       ||     7
       Invisible         |       |       |     1 |       |       |     1 ||     2
       Confused          |       |       |       |     1 |    16 |     7 ||    24
       Distracted        |       |       |       |     1 |     5 |     4 ||    10
       Paralysed         |       |       |       |       |    22 |       ||    22
  Eat: Chunk             |     3 |     7 |    20 |    24 |    52 |    16 ||   122
       Ration            |       |     2 |       |       |     4 |     9 ||    15
Armor: Leather armour    |    60 |    50 |    13 |       |       |       ||   123
       Robe              |       |       |    16 |       |       |       ||    16
       Ring mail         |       |       |    60 |   213 |   398 |   156 ||   827
       Quicksilver drago |       |       |       |       |       |    60 ||    60
       Skin              |       |       |       |       |       |    12 ||    12
Dodge: Dodged            |   100 |   126 |   313 |   487 |  1066 |   445 ||  2537
Block: Buckler           |       |       |       |       |   455 |   495 ||   950
       Reflection        |       |       |       |       |     5 |    36 ||    41
